 Dungeon Crawl Stone Soup version 0.31-a0-960-g0fca184906 (webtiles) character file.

Game seed: 2181170180821991482

127 CowFu the Thaumaturge (level 5, -7/40 HPs)
             Began as a Gnoll Wanderer on Oct 23, 2023.
             Killed from afar by Natasha (10 damage)
             ... with a magic dart
             ... on level 4 of the Dungeon.
             The game lasted 00:04:58 (3099 turns).

CowFu the Thaumaturge (Gnoll Wanderer)              Turns: 3099, Time: 00:04:58

Health: -7/40      AC:  4    Str: 11    XL:     5   Next: 11%
Magic:  0/16       EV: 13    Int: 14    God:
Gold:   194        SH:  0    Dex: 11    Spells: 19/22 levels left

rFire   . . .        s - staff of poison
rCold   . . .        (no shield)
rNeg    . . .        c - +0 robe
rPois   +            d - +0 helmet
rElec   .            l - +0 cloak
rCorr   .            (no gloves)
SInv    .            (no boots)
Will    .....        (no amulet)
Stlth   ++           (no ring)
HPRegen 0.26/turn    (no ring)
MPRegen 0.15/turn

%: no passive effects
@: no status effects
A: fangs 1, strong nose, distributed training
a: no special abilities


You were on level 4 of the Dungeon.
You visited 1 branch of the dungeon, and saw 4 of its levels.

You collected 194 gold pieces.

Inventory:

Hand Weapons
 a - a +0 dagger
Armour
 c - a +0 robe (worn)
 d - a +0 helmet (worn)
 l - a +0 cloak (worn)
Magical Staves
 s - a staff of poison (weapon)
Jewellery
 g - an amulet of faith
 o - a ring of flight
 q - a ring of magical power
Wands
 k - a wand of digging (7)
 t - a wand of light (10)
Scrolls
 b - a scroll of summoning
 e - a scroll of identify {unknown}
 i - a scroll of fear {unknown}
 n - a scroll of blinking {unknown}
 r - 2 scrolls of revelation {unknown}
Potions
 f - 3 potions of ambrosia {unknown}
 h - 2 potions of mutation {unknown}
 j - 2 potions of curing {unknown}
 m - 3 potions of brilliance {unknown}
 p - a potion of enlightenment {unknown}


   Skills:
 + Level 2.9 Fighting
 + Level 1.4 Short Blades
 + Level 1.4 Long Blades
 + Level 1.4 Axes
 + Level 1.4 Maces & Flails
 + Level 1.4 Polearms
 + Level 1.4 Staves
 + Level 1.4 Ranged Weapons
 + Level 1.4 Throwing
 + Level 1.4 Armour
 + Level 4.7 Dodging
 + Level 1.4 Stealth
 + Level 1.4 Shields
 + Level 1.4 Unarmed Combat
 + Level 9.4 Spellcasting
 + Level 1.1 Conjurations
 + Level 1.1 Hexes
 + Level 1.1 Summonings
 + Level 1.1 Necromancy
 + Level 3.9 Translocations
 + Level 1.1 Transmutations
 + Level 1.1 Fire Magic
 + Level 1.1 Ice Magic
 + Level 1.1 Air Magic
 + Level 1.1 Earth Magic
 + Level 1.1 Poison Magic
 + Level 1.5 Invocations
 + Level 1.4 Evocations
 + Level 1.2 Shapeshifting


You had 19 spell levels left.
You knew the following spells:

 Your Spells              Type           Power      Damage    Failure   Level
a - Magic Dart            Conj           36%        1d4       7%          1
b - Momentum Strike       Conj/Tloc      26%        3d8       6%          2

Your spell library contained the following spells:

 Spells                   Type           Power      Damage    Failure   Level
 Blink                    Tloc           34%        N/A       3%          2
 Lesser Beckoning         Tloc           34%        N/A       3%          2
 Scorch                   Fire           18%        2d5       11%         2
 Confusing Touch          Hex            9%         N/A       22%         3
 Frozen Ramparts          Ice            18%        1d3       22%         3
 Ozocubu's Armour         Ice            9%         N/A       22%         3
 Ozocubu's Refrigeration  Ice            4%         4d8       100%        7


Dungeon Overview and Level Annotations

Branches:
Dungeon (4/15)
 Temple: D:4-7

Altars:
Ashenzari

Annotations:
D:4 Natasha


Innate Abilities, Weirdness & Mutations

You have very sharp teeth.
Your uncanny sense of smell can sniff out nearby items.
Your experience applies equally to all skills.


Message History

Natasha barely misses you.
The cerulean imp hits you with a +2 spear.
Casting: Magic Dart (safe; 7% risk of failure)
Confirm with . or Enter, or press ? or * to list all spells.
Aiming: Magic Dart (safe; 7% risk of failure)
Press: ? - help, Shift-Dir - straight line, f/p - Natasha
Aim: Natasha (severely wounded, 100% to hit)
The magic dart hits Natasha.
Natasha is almost dead.
Natasha claws you.
* * * LOW HITPOINT WARNING * * *
The cerulean imp hits you with a +2 spear.
* * * LOW HITPOINT WARNING * * *
Casting: Magic Dart (safe; 7% risk of failure)
Confirm with . or Enter, or press ? or * to list all spells.
Aiming: Magic Dart (safe; 7% risk of failure)
Press: ? - help, Shift-Dir - straight line, f/p - Natasha
Aim: Natasha (almost dead, 100% to hit)
The magic dart hits Natasha.
Natasha is almost dead.
Natasha stares at you and mumbles some strange words.
The magic dart hits you.
* * * LOW HITPOINT WARNING * * *
The cerulean imp hits you with a +2 spear.
* * * LOW HITPOINT WARNING * * *
You miss Natasha.
Natasha is almost dead.
Natasha barely misses you.
The cerulean imp hits you with a +2 spear.
* * * LOW HITPOINT WARNING * * *
Casting: Magic Dart (safe; 7% risk of failure)
Confirm with . or Enter, or press ? or * to list all spells.
You don't have enough magic to cast this spell.
Unknown command.
You closely miss Natasha.
Natasha is almost dead.
Natasha stares at you and mumbles some strange words.
The magic dart hits you!
You die...
Natasha curls up and begins to purr.

.........#
########.#
####.####
#......>###
#.#####.>.#
#.#####.# #.#.##
#.......#
#....######
#..####.#
#.........#
#@#####....####[#
#.....h5......#.##
#..########.###.#
#.# #.# ∆∆ #>###.#
#.## #.....# ...#
#..#### ∆ ∆ ...#
#..# #..# #..#


You could see Natasha and a cerulean imp (summoned).

Vanquished Creatures
  A jelly (D:4)
  Natasha (D:4)
  2 adders
  2 dart slugs
  2 orcs
  7 endoplasms
  2 giant cockroaches
  5 goblins
  5 hobgoblins
  3 quokkas
  2 ball pythons
  3 bats
  2 frilled lizards
  3 kobolds
  12 rats
52 creatures vanquished.

Notes
Turn   | Place    | Note
-------+----------+-------------------------------------------
     0 | D:1      | Reached skill level 9 in Spellcasting
     0 | D:1      | CowFu the Gnoll Wanderer began the quest for the Orb.
     0 | D:1      | CowFu set off with the following items: a +0 dagger, a
                  | scroll of summoning, a +0 robe, a +0 helmet; and the
                  | following spell memorised: Magic Dart; and the following
                  | spells available to memorise: Lesser Beckoning, Momentum
                  | Strike, Scorch, Confusing Touch, Frozen Ramparts.
     0 | D:1      | Reached XP level 1. HP: 17/17 MP: 10/10
   471 | D:1      | Reached XP level 2. HP: 23/23 MP: 10/12
  1000 | D:2      | Learned a level 2 spell: Momentum Strike
  1231 | D:2      | Reached XP level 3. HP: 24/28 MP: 11/13
  1234 | D:2      | Found a faded altar of an unknown god.
  1559 | D:2      | Reached skill level 1 in Invocations
  2146 | D:3      | Reached skill level 1 in Short Blades
  2146 | D:3      | Reached skill level 1 in Long Blades
  2146 | D:3      | Reached skill level 1 in Axes
  2146 | D:3      | Reached skill level 1 in Maces & Flails
  2146 | D:3      | Reached skill level 1 in Polearms
  2146 | D:3      | Reached skill level 1 in Staves
  2146 | D:3      | Reached skill level 1 in Ranged Weapons
  2146 | D:3      | Reached skill level 1 in Throwing
  2146 | D:3      | Reached skill level 1 in Armour
  2146 | D:3      | Reached skill level 1 in Stealth
  2146 | D:3      | Reached skill level 1 in Shields
  2146 | D:3      | Reached skill level 1 in Unarmed Combat
  2146 | D:3      | Reached skill level 1 in Evocations
  2440 | D:3      | Reached skill level 1 in Shapeshifting
  2440 | D:3      | Reached XP level 4. HP: 34/34 MP: 10/15
  2817 | D:4      | Found a broken altar of Ashenzari.
  2917 | D:4      | Noticed Natasha
  2925 | D:4      | Killed Natasha
  2926 | D:4      | Reached skill level 1 in Conjurations
  2926 | D:4      | Reached skill level 1 in Hexes
  2926 | D:4      | Reached skill level 1 in Summonings
  2926 | D:4      | Reached skill level 1 in Necromancy
  2926 | D:4      | Reached skill level 1 in Transmutations
  2926 | D:4      | Reached skill level 1 in Fire Magic
  2926 | D:4      | Reached skill level 1 in Ice Magic
  2926 | D:4      | Reached skill level 1 in Air Magic
  2926 | D:4      | Reached skill level 1 in Earth Magic
  2926 | D:4      | Reached skill level 1 in Poison Magic
  3085 | D:4      | Noticed Natasha
  3090 | D:4      | Reached XP level 5. HP: 38/40 MP: 8/16
  3099 | D:4      | Killed from afar by Natasha

Illustrated notes

Levels and vault maps discovered:
D:1:      dpeg_arrival_windows_large_door, layout_basic
D:2:      layout_loops_corners, serial_aquarium, aquarium_bridge_long_separate
          [aquarium_subvault_wall, aquarium_subvault_window,
          aquarium_subvault_bridge, aquarium_subvault_bridge,
          aquarium_subvault_bridge, aquarium_subvault_wall],
          aquarium_window_fake, aquarium_window_2, aquarium_view_2d,
          aquarium_view_2b, aquarium_pool_2, chequers_ecumenical_altar_lobes
D:3:      layout_rooms, minmay_misc_feat_alley
D:4:      layout_loops_ring, ashenzari_conservatory_becter,
          minmay_temple_entry_hall, uniq_natasha

Skill      XL: |  1  2  3  4 |
---------------+-------------+-----
Spellcasting   | |  9.4
Invocations    | 1 |  1.5
Short Blades   | 1 |  1.4
Long Blades    | 1 |  1.4
Axes           | 1 |  1.4
Maces & Flails | 1 |  1.4
Polearms       | 1 |  1.4
Staves         | 1 |  1.4
Ranged Weapons | 1 |  1.4
Throwing       | 1 |  1.4
Armour         | 1 |  1.4
Stealth        | 1 |  1.4
Shields        | 1 |  1.4
Unarmed Combat | 1 |  1.4
Evocations     | 1 |  1.4
Shapeshifting  | 1 |  1.2
Conjurations   | 1 |  1.1
Hexes          | 1 |  1.1
Summonings     | 1 |  1.1
Necromancy     | 1 |  1.1
Transmutations | 1 |  1.1
Fire Magic     | 1 |  1.1
Ice Magic      | 1 |  1.1
Air Magic      | 1 |  1.1
Earth Magic    | 1 |  1.1
Poison Magic   | 1 |  1.1
Fighting       | |  2.9
Dodging        | |  4.7
Translocations | |  3.9

Action                     |  1- 3 |  4- 6 || total
---------------------------+-------+-------++-------
  Melee: Dagger            |    38 |       ||    38
         Bite              |     2 |     2 ||     4
         Punch             |     2 |       ||     2
         Staff             |       |    11 ||    11
   Cast: Magic Dart        |    88 |    37 ||   125
         Momentum Strike   |     6 |     2 ||     8
   Stab: Sleeping          |     1 |       ||     1
 Armour: Robe              |    26 |    17 ||    43
  Dodge: Dodged            |    44 |    23 ||    67

Table legend: (Time is in decaauts)
 A = Elapsed time spent in this place.
 B = Non-inter-level travel time spent in this place.
 C = Inter-level travel time spent in this place.
 D = Time resting spent in this place.
 E = Time spent auto-exploring this place.
 F = Levels seen in this place.
 G = Mean time per level.
                   A        B        C        D        E       F      G
               +--------+--------+--------+--------+--------+-----+--------+
         Total |   3097 |   2979 |    118 |      0 |   2619 |   4 |  774.2 |
       Dungeon |   3097 |   2979 |    118 |      0 |   2619 |   4 |  774.2 |
               +--------+--------+--------+--------+--------+-----+--------+

Top non-repeatable levels by time:
     D:2: 1120 daAuts
     D:1: 987 daAuts
     D:3: 692 daAuts
     D:4: 298 daAuts
